AoeStats
← So sad

Pilgrims

507787013Analyzed
3v3 RM · 12d ago on Sep 19, 2026· 47m 37s· 6 players
Game mode
Random Map
Map size
Normal (6 player)
Population
200
Speed
Normal
Resources
Standard
Victory
Conquest
Starting age
Dark Age
Ending age
Imperial Age
RankedLock teamsTeams togetherTeam positionsShared explorationLock speedFull tech treeHidden civsTurbo modeCheats
Victory
Defeat
🇧🇾 Romans · Belarus
1399
+18
🇺🇦 Britons · Ukraine
1389
+19
🇧🇾 Magyars · Belarus
1366
+20
🇸🇪 Maya · Sweden
1612
-26
🇺🇸 Lithuanians · United States
1424
-18
🇵🇹 Persians · Portugal
1308
-13
So sad
4:02 Loom
13:11 Feudal Age
15:29 Wheelbarrow
14:46 Town Watch
17:23 Castle Age
17:52 Double-Bit Axe
18:42 Stone Mining
19:51 Scale Mail Armor
20:53 Scale Barding Armor
22:20 Husbandry
22:33 Husbandry
23:21 Bloodlines
24:27 Light Cavalry
29:52 Gold Mining
31:30 Fishing Lines
32:05 Horse Collar
32:40 Bow Saw
33:22 Gillnets
33:53 Corvinian Army
35:10 Wheelbarrow
35:30 Heavy Plow
36:41 Hand Cart
36:50 Fletching
38:06 Gold Shaft Mining
39:06 Chain Barding Armor
42:22 Imperial Age
40:55 Masonry
41:37 Town Patrol
43:55 Hoardings
44:32 Chemistry
44:30 Conscription
43:59 Elite Magyar Huszar
45:45 Plate Barding Armor
45:06 Bodkin Arrow
46:05 Siege Engineers
46:23 Ballistics
46:50 Crop Rotation
48:31 Two-Man Saw
NiL
6:54 Loom
8:51 Feudal Age
10:03 Fishing Lines
15:19 Castle Age
13:33 Fletching
13:44 Padded Archer Armor
15:13 Double-Bit Axe
15:23 Crossbowman
16:06 Bodkin Arrow
17:18 Gold Mining
29:54 Imperial Age
30:38 Bracer
30:57 Leather Archer Armor
32:16 Ballistics
32:40 Horse Collar
36:22 Wheelbarrow
35:34 Treadmill Crane
37:15 Conscription
37:58 Arbalester
40:38 Chemistry
41:22 Masonry
41:11 Murder Holes
42:38 Warwolf
43:13 Elite Skirmisher
44:12 Bow Saw
45:00 Ring Archer Armor
44:36 Scale Barding Armor
44:42 Forging
43:55 Elite Longbowman
46:15 Elite Skirmisher
47:40 Hoardings
HURMA
8:35 Loom
12:09 Feudal Age
12:52 Double-Bit Axe
13:02 Fishing Lines
16:26 Gold Mining
18:40 Castle Age
18:43 Forging
19:17 Wheelbarrow
19:36 Medium Warships
19:16 Gillnets
20:42 Iron Casting
25:50 Imperial Age
23:40 Bow Saw
24:20 Hand Cart
24:26 Masonry
24:19 Scale Mail Armor
25:30 Man-at-Arms
26:15 Squires
26:38 Chain Mail Armor
27:34 Blast Furnace
27:23 Long Swordsman
27:55 Town Watch
29:36 Coinage
29:17 Legionary
32:06 Stone Mining
32:52 Gold Shaft Mining
36:06 Comitatenses
36:07 Conscription
36:01 Capped Ram
36:48 Siege Engineers
37:56 Caravan
38:10 Clinker Construction
37:55 Siege Ram
40:06 Carvel Hull
41:29 Fletching
43:07 Banking
42:48 Guilds
42:00 Pikeman
43:45 Elite Centurion
44:31 Ballistas
43:57 Sappers
44:49 Bodkin Arrow
44:55 Padded Archer Armor
45:05 Scale Barding Armor
Tapwater2000
4:44 Loom
12:46 Feudal Age
14:02 Double-Bit Axe
17:11 Castle Age
16:23 Gold Mining
16:46 Fletching
18:33 Bodkin Arrow
19:35 Padded Archer Armor
21:22 Wheelbarrow
23:10 Horse Collar
26:23 Ballistics
31:07 Hand Cart
36:12 Imperial Age
35:15 Leather Archer Armor
38:08 Chemistry
36:37 Elite Plumed Archer
37:51 Conscription
37:36 Bracer
38:47 Ring Archer Armor
38:30 Masonry
38:48 Thumb Ring
46:57 Bow Saw
darkdavixi
11:56 Loom
13:44 Feudal Age
18:19 Castle Age
17:11 Fishing Lines
21:21 Horse Collar
21:31 Double-Bit Axe
21:53 Scale Barding Armor
22:01 Husbandry
22:59 Bloodlines
25:25 Bow Saw
25:18 Heavy Plow
34:06 Fletching
36:51 Forging
39:56 Wheelbarrow
42:37 Imperial Age
42:35 Hand Cart
42:20 Bodkin Arrow
42:49 Chain Barding Armor
42:07 Light Cavalry
43:19 Hussar
45:40 Plate Barding Armor
45:42 Iron Casting
47:02 Town Watch
48:46 Blast Furnace
Old_Fart_Having_Fun
9:07 Loom
11:32 Feudal Age
15:33 Castle Age
14:46 Double-Bit Axe
19:45 Scale Barding Armor
29:17 Bow Saw
30:52 Wheelbarrow
30:27 Horse Collar
39:12 Hand Cart
42:31 Imperial Age
42:39 Imperial Age
42:38 Elite Skirmisher
43:23 Thumb Ring
43:13 Fletching
43:23 Padded Archer Armor
44:32 Chemistry
44:48 Bodkin Arrow
45:17 Leather Archer Armor
45:55 Bracer
Connection lost

Rejoining the realm…

Still unreachable

The connection could not be restored.

Session expired

The server has moved on; the page needs a fresh start.